 Dungeon Crawl Stone Soup version 0.29-a0-330-g52719c12eb (webtiles) character file.

Game seed: 4850198875938225421

11669 kae the Thaumaturge (level 11, -20/73 HPs)
             Began as a Deep Elf Fire Elementalist on May 1, 2022.
             Was an Initiate of Ashenzari.
             Demolished by a two-headed ogre
             ... wielding a +0 giant club
              (31 damage)
             ... on level 11 of the Dungeon.
             The game lasted 00:12:18 (15926 turns).

kae the Thaumaturge (Deep Elf Fire Elementalist)   Turns: 15926, Time: 00:12:18

Health: -20/73     AC:  9    Str:  5    XL:     11   Next: 52%
Magic:  0/28       EV: 17    Int: 25    God:    Ashenzari [......]
Gold:   594        SH:  0    Dex: 15    Spells: 20/33 levels left

rFire   + . .      SeeInvis .   g - staff of fire
rCold   . . .      Faith    .   (no shield)
rNeg    . . .      Spirit   +   w - +1 steam dragon scales
rPois   .          Reflect  .   (no helmet)
rElec   +          Harm     .   n - +2 cloak
rCorr   +          Rampage  .   (no gloves)
Will    ++++.                   (no boots)
Stlth   ++........              F - amulet of Bodily Harmony {Spirit rElec Will++ Slay-2}
HPRegen 0.22/turn               i - ring of Supernal Gnosis {rCorr, Self, Melee} (curse)
MPRegen 0.21/turn               t - ring of willpower

@: no status effects
A: robust 1
a: Renounce Religion, Curse Item, Shatter the Chains


You were on level 11 of the Dungeon.
You worshipped Ashenzari.
Ashenzari was noncommittal.
You visited 2 branches of the dungeon, and saw 12 of its levels.
You also visited: Bailey.

You collected 594 gold pieces.

Inventory:

Missiles
 A - 2 throwing nets
Armour
 a - a +0 robe
 n - a +2 cloak (worn)
 w - +1 steam dragon scales (worn)
Magical Staves
 d - a staff of cold
 g - a staff of fire (weapon)
Jewellery
 i - the cursed ring of Supernal Gnosis (left hand) {rCorr, Self, Melee}
   (You found it on level 5 of the Dungeon)

   [ring of resist corrosion]

   rCorr:     It protects you from acid and corrosion.
   It has a curse which improves the following skills: Introspection: Fighting
   and Spellcasting.
   Melee Combat: Short Blades, Long Blades, Axes, Maces & Flails, Polearms,
   Staves and Unarmed Combat.
 t - a ring of willpower (right hand)
 F - the amulet of Bodily Harmony (around neck) {Spirit rElec Will++ Slay-2}
   (You found it on level 10 of the Dungeon)

   [amulet of guardian spirit]

   It causes incoming damage to be divided between your reserves of health and
   magic.
   Slay:      It affects your accuracy & damage with ranged weapons and melee
   (-2).
   rElec:     It insulates you from electricity.
   Will:      It greatly increases your willpower.
Wands
 y - a wand of acid (3)
 E - a wand of paralysis (5)
Scrolls
 j - 3 scrolls of teleportation
 l - 3 scrolls of magic mapping
 p - a scroll of fear
 r - 2 scrolls of fog
 s - 3 scrolls of noise
 u - 6 scrolls of blinking
 v - a scroll of holy word
 D - a scroll of enchant armour
Potions
 b - 3 potions of magic
 c - a potion of resistance
 e - 2 potions of invisibility
 f - 2 potions of ambrosia
 h - 4 potions of might
 k - 2 potions of cancellation {unknown}
 m - a potion of haste {unknown}
 o - a potion of flight {unknown}
 q - 2 potions of experience {unknown}
 x - 5 potions of curing
 z - 2 potions of degeneration {unknown}
 B - 2 potions of berserk rage {unknown}
 C - a potion of brilliance {unknown}


   Skills:
 + Level 6.7(7.2) Fighting
 + Level 2.3 Armour
 + Level 10.0 Dodging
 - Level 2.4 Stealth
 + Level 11.1(11.5) Spellcasting
 + Level 9.1 Conjurations
 + Level 9.6 Fire Magic


You had 20 spell levels left.
You knew the following spells:

 Your Spells              Type           Power      Damage    Failure   Level
a - Foxfire               Conj/Fire      100%       2x1d9     1%          1
b - Scorch                Fire           100%       2d10      1%          2
c - Conjure Flame         Conj/Fire      75%        6-21      1%          3
d - Inner Flame           Hex/Fire       55%        N/A       1%          3
e - Flame Wave            Conj/Fire      75%        2d13      1%          4

Your spell library contained the following spells:

 Spells                   Type           Power      Damage    Failure   Level
 Magic Dart               Conj           100%       1d8       1%          1
 Stone Arrow              Conj/Erth      74%        3d11      1%          3
 Mephitic Cloud           Conj/Pois/Air  29%        N/A       3%          3
 Beastly Appendage        Tmut           28%        N/A       4%          1
 Freeze                   Ice            56%        1d7       4%          1
 Sting                    Tmut/Pois      56%        1d5       4%          1
 Blink                    Tloc           28%        N/A       6%          2
 Call Imp                 Summ           14%        N/A       6%          2
 Poisonous Vapours        Pois/Air       28%        N/A       6%          2
 Wereblood                Tmut           14%        N/A       6%          2
 Hailstorm                Conj/Ice       37%        3d9       6%          4
 Gell's Gravitas          Tloc           14%        N/A       13%         3
 Lesser Beckoning         Tloc           14%        N/A       13%         3
 Portal Projectile        Hex/Tloc       28%        N/A       13%         3
 Spider Form              Tmut/Pois      14%        N/A       13%         3
 Teleport Other           Tloc           14%        N/A       13%         3
 Animate Armour           Summ/Erth      28%        N/A       38%         4
 Animate Dead             Necr           7%         N/A       38%         4
 Olgreb's Toxic Radiance  Pois           14%        N/A       38%         4
 Summon Ice Beast         Ice/Summ       14%        N/A       38%         4
 Blade Hands              Tmut           7%         N/A       75%         5
 Borgnjor's Vile Clutch   Necr/Erth      7%         N/A       75%         5
 Excruciating Wounds      Necr           7%         N/A       75%         5
 Manifold Assault         Tloc           14%        N/A       75%         5
 Death Channel            Necr           7%         N/A       100%        6
 Storm Form               Tmut/Air       7%         N/A       100%        7
 Lehudib's Crystal Spear  Conj/Erth      18%        10d6      100%        8


Dungeon Overview and Level Annotations

Branches:
Dungeon (11/15)            Temple (1/1) D:5            Lair (0/6) D:9
    Orc (0/2) D:9          Bailey (visited)

Altars:
Ashenzari
Cheibriados
Dithmenos
Elyvilon
Fedhas
Gozag
Hepliaklqana
Kikubaaqudgha
Makhleb
Nemelex Xobeh
Okawaru
Qazlal
Ru
Sif Muna
Trog
Uskayaw
Vehumet
Wu Jian
Xom
Yredelemnul
Zin
The Shining One
Beogh

Shops:
D:3 [   D:5 [   D:6 :   D:7 ((:=

Annotations:
D:8 exclusion: ice statue


Innate Abilities, Weirdness & Mutations

You are robust. (+10% HP)


Message History

You feel a surge of power!
You conjure some foxfire!
A two-headed ogre comes into view. It is wielding two +0 giant clubs.
Okay, then.
Casting: Foxfire (safe; 1% risk of failure)
Confirm with . or Enter, or press ? or * to list all spells.
You feel a surge of power!
You conjure some foxfire!
The foxfire hits the two-headed ogre but does no damage.
Your foxfire dissipates!
The foxfire hits the two-headed ogre.
The two-headed ogre is lightly wounded.
The foxfire hits the two-headed ogre.
The two-headed ogre is lightly wounded.
Casting: Foxfire (safe; 1% risk of failure)
Confirm with . or Enter, or press ? or * to list all spells.
You feel a surge of power!
You conjure some foxfire!
The foxfire hits the two-headed ogre.
The two-headed ogre is lightly wounded.
The foxfire hits the two-headed ogre but does no damage.
The two-headed ogre is lightly wounded.
Casting: Foxfire (safe; 1% risk of failure)
Confirm with . or Enter, or press ? or * to list all spells.
You feel a surge of power!
Flames lash the two-headed ogre.
The two-headed ogre is moderately wounded.
The two-headed ogre's fire resistance burns away.
The two-headed ogre hits you with a +0 giant club!! x2
Casting: Scorch (safe; 1% risk of failure)
Confirm with . or Enter, or press ? or * to list all spells.
You feel a surge of power!
Flames lash the two-headed ogre.
The two-headed ogre is burned terribly!
The two-headed ogre is heavily wounded.
The two-headed ogre hits you with a +0 giant club!!
* * * LOW HITPOINT WARNING * * *
The two-headed ogre closely misses you.
Casting: Scorch (safe; 1% risk of failure)
Confirm with . or Enter, or press ? or * to list all spells.
You feel a surge of power!
Flames lash the two-headed ogre.
The two-headed ogre is burned terribly!
The two-headed ogre is almost dead.
The two-headed ogre hits you with a +0 giant club!!
You die...

..# ... ...
##... ##
##..#...# .<.
#..#....## ....
#..#......
#..#.........
.#..#..........
.......@.....#
.......O.....#
....#.).....##
##..).#..$..#
.....##..##
##.... ..# ...
# .## #).. .#


You could see a two-headed ogre (combustible).

Vanquished Creatures
  Josephine (D:10)
  2 two-headed ogres
  Pikel (D:4)
  A komodo dragon (D:10)
  An unseen horror (D:10)
  4 spriggans (Bailey)
  A wyvern (D:9)
  3 wraiths (D:10)
  14 yaks
  6 steam dragons
  An acid dragon (D:9)
  Menkaure (D:4)
  2 black bears
  An ice beast (D:7)
  6 orc warriors
  6 centaurs
  6 ogres
  4 lemures (D:4)
  A bullfrog (D:8)
  A necrophage (D:6)
  A scorpion (D:5)
  9 wights
  16 killer bees
  5 howler monkeys
  2 electric eels (D:6)
  A jelly (D:5)
  5 gnoll shamans
  2 hounds
  7 orc priests
  An iron imp (D:7)
  3 iguanas
  14 orc wizards
  A human simulacrum (D:9)
  23 gnolls
  8 adders
  A white imp (D:5)
  An ufetubus (D:5)
  2 worms
  4 dart slugs
  26 orcs
  4 endoplasms
  2 giant cockroaches
  7 hobgoblins
  4 jackals
  5 quokkas
  3 ball pythons
  5 bats
  4 frilled lizards
  7 goblins
  5 kobolds
  7 rats
248 creatures vanquished.

Vanquished Creatures (collateral kills)
  2 foxfires (D:6)
2 creatures vanquished.

Vanquished Creatures (others)
  A human simulacrum (D:9)
  739 foxfires
  3 plants (D:6)
743 creatures vanquished.

Grand Total: 993 creatures vanquished

Notes
Turn   | Place    | Note
-------+----------+-------------------------------------------
     0 | D:1      | kae the Deep Elf Fire Elementalist began the quest for the
                  | Orb.
     0 | D:1      | Reached XP level 1. HP: 10/10 MP: 6/6
   583 | D:1      | Reached XP level 2. HP: 15/15 MP: 5/8
  1093 | D:1      | Learned a level 2 spell: Scorch
  1594 | D:2      | Gained mutation: You are robust. (+10% HP) [potion of
                  | mutation]
  1763 | D:2      | Reached XP level 3. HP: 22/22 MP: 7/10
  2108 | D:2      | Found a snail-covered altar of Cheibriados.
  2416 | D:3      | Reached skill level 1 in Fighting
  2416 | D:3      | Reached XP level 4. HP: 27/27 MP: 7/11
  2420 | D:3      | Reached skill level 4 in Spellcasting
  2489 | D:3      | HP: 1/27 [orc priest/nerve-wracking pain (14)]
  2883 | D:3      | Reached XP level 5. HP: 31/31 MP: 9/13
  2912 | D:3      | Found a hide-covered altar of Uskayaw.
  3116 | D:3      | Found Tenn's Antique Armour Boutique.
  3900 | D:4      | Reached XP level 6. HP: 31/38 MP: 4/14
  4054 | D:4      | Learned a level 3 spell: Conjure Flame
  4058 | D:4      | Learned a level 3 spell: Inner Flame
  4063 | D:4      | Learned a level 4 spell: Flame Wave
  4174 | D:4      | Noticed Menkaure
  4180 | D:4      | Killed Menkaure
  4181 | D:4      | Reached skill level 5 in Spellcasting
  4953 | D:4      | Noticed Pikel
  4972 | D:4      | Killed Pikel
  4973 | D:4      | Reached skill level 5 in Dodging
  4973 | D:4      | Reached skill level 5 in Fire Magic
  4973 | D:4      | Reached XP level 7. HP: 44/44 MP: 2/17
  5099 | D:5      | Entered Level 5 of the Dungeon
  5127 | D:5      | Reached skill level 6 in Spellcasting
  5255 | D:5      | Reached XP level 8. HP: 50/50 MP: 16/19
  5318 | D:5      | Found an iron altar of Okawaru.
  5683 | D:5      | Found Viegip's Antique Armour Shop.
  5707 | D:5      | Reached skill level 5 in Conjurations
  5977 | D:5      | Found a staircase to the Ecumenical Temple.
  6126 | Temple   | Entered the Ecumenical Temple
  6209 | Temple   | Became a worshipper of Ashenzari the Shackled
  6300 | D:5      | Found a shadowy altar of Dithmenos.
  6311 | D:5      | Found a basalt altar of Yredelemnul.
  6311 | D:5      | Found a stormy altar of Qazlal.
  6322 | D:5      | Found a burning altar of Makhleb.
  6325 | D:5      | Found an ornate altar of the Wu Jian Council.
  6466 | D:5      | Found a hazy altar of Hepliaklqana.
  7131 | D:6      | Reached skill level 7 in Spellcasting
  7179 | D:6      | Found Axiant's Book Shop.
  7347 | D:6      | Reached XP level 9. HP: 30/57 MP: 9/22
  7716 | D:6      | Found a radiant altar of Vehumet.
  8460 | D:7      | Reached skill level 8 in Spellcasting
  8518 | D:7      | Found a snail-covered altar of Cheibriados.
  8592 | D:7      | Found Seups's Jewellery Shop.
  8784 | D:7      | Found Bail's Book Emporium.
  8843 | D:7      | Noticed a two-headed ogre
  9197 | D:7      | Found Foojahim's Antique Weapon Emporium.
  9210 | D:7      | Found Hahithui's Weapon Emporium.
  9318 | D:7      | Found Foojahim's Antique Weapon Emporium.
  9334 | D:7      | Found Hahithui's Weapon Emporium.
  9420 | D:7      | Killed a two-headed ogre
  9421 | D:7      | Reached skill level 5 in Fighting
  9564 | D:7      | Found Bail's Book Emporium.
  9585 | D:7      | Found a snail-covered altar of Cheibriados.
  9802 | D:7      | Found Seups's Jewellery Shop.
 10186 | D:8      | Reached skill level 9 in Spellcasting
 10186 | D:8      | Reached XP level 10. HP: 53/63 MP: 17/25
 11176 | D:8      | Got the Catalogue of the Snowflakes
 11372 | D:8      | Noticed an ice statue
 11951 | D:9      | Found a staircase to the Orcish Mines.
 13166 | D:9      | Reached skill level 10 in Spellcasting
 13527 | D:9      | Found a staircase to the Lair.
 13931 | D:10     | Entered Level 10 of the Dungeon
 13961 | D:10     | Noticed Josephine
 13987 | D:10     | Killed Josephine
 13988 | D:10     | Reached XP level 11. HP: 42/70 MP: 13/27
 14135 | D:10     | Reached skill level 1 in Armour
 14207 | D:10     | Found a flagged portal.
 14327 | Bailey   | Entered a bailey
 15069 | Bailey   | Noticed a two-headed ogre
 15081 | Bailey   | Killed a two-headed ogre
 15432 | D:10     | Reached skill level 11 in Spellcasting
 15443 | D:10     | Reached skill level 10 in Dodging
 15806 | D:10     | Identified the amulet of Bodily Harmony {Spirit rElec
                  | Will++ Slay-2}
 15917 | D:11     | Noticed a two-headed ogre
 15926 | D:11     | Demolished by a two-headed ogre

Illustrated notes

Levels and vault maps discovered:
D:1:      onia_arrival_pentagram, layout_loops_ring
D:2:      layout_loops_corners, basic_altar, solitary_fountain,
          minmay_pentomino_t4
D:3:      layout_loops_cross, eat_drink_and_be_merry_uskayaw, serial_shops,
          shop, nicolae_elevator_lobby_asterisk
D:4:      layout_loops_cross, kennysheep_big_empty_room, uniq_pikel,
          uniq_menkaure
D:5:      layout_basic, okawaru_trees_2, minmay_overflow_temple_star_hex,
          overflow_temple_1_default, temple_hall, serial_shops, shop_fountains,
          minmay_holes, grunt_decor_resistance
D:6:      layout_cave_pools, mainiacjoe_overflow_alcove_2, serial_shops,
          nicolae_stop_n_shop_2, chequers_arboretum, serial_bayou_lake_a
D:7:      layout_basic, slow_altar_2, serial_shops, shop,
          nicolae_shop_bloodbath_and_beyond, shop, nicolae_shop_hallway_plus
D:8:      minmay_statue_hallways, layout_basic
D:9:      layout_loops_cross, lair_entry_dummy, minmay_orc_entry_temple_small,
          grunt_ogre_cave, bh_circular_ruins
D:10:     layout_cave_pools, enter_bailey_2, uniq_josephine
D:11:     minmay_slanted_spiral_squares, layout_cave_pools
Temple:   nicolae_temple_hex_pool

Skill      XL: |  1  2  3  4  5  6  7  8  9 10 11 |
---------------+----------------------------------+-----
Conjurations   | 2 3 4 5 7 8 9 |  9.1
Fighting       | 1 2 3 4 5 6 |  6.7
Dodging        | 3 5 6 8 9 10 | 10.0
Spellcasting   | 4 5 6 7 9 10 11 | 11.1
Fire Magic     | 4 5 6 7 9 |  9.6
Armour         | 2 |  2.3
Stealth        | |  2.4

Action                   |  1- 3 |  4- 6 |  7- 9 | 10-12 || total
-------------------------+-------+-------+-------+-------++-------
Melee: Staff             |       |       |     3 |    20 ||    23
       Punch             |       |       |       |     1 ||     1
 Cast: Foxfire           |    82 |    77 |   153 |   143 ||   455
       Scorch            |     2 |    20 |    44 |    64 ||   130
       Conjure Flame     |       |     2 |     7 |     6 ||    15
       Inner Flame       |       |     1 |     3 |     2 ||     6
       Flame Wave        |       |       |     6 |    20 ||    26
Invok: Curse Item        |       |       |       |     1 ||     1
  Use: Scroll            |     5 |     5 |     9 |     5 ||    24
       Potion            |     1 |     1 |     1 |     3 ||     6
Armor: Robe              |       |     7 |    15 |       ||    22
       Steam dragon scal |       |       |     1 |    78 ||    79
Dodge: Dodged            |     8 |    18 |    46 |   215 ||   287

Table legend: (Time is in decaauts)
 A = Elapsed time spent in this place.
 B = Non-inter-level travel time spent in this place.
 C = Inter-level travel time spent in this place.
 D = Time resting spent in this place.
 E = Time spent auto-exploring this place.
 F = Levels seen in this place.
 G = Mean time per level.
                   A        B        C        D        E       F      G
               +--------+--------+--------+--------+--------+-----+--------+
         Total |  15975 |  15590 |    385 |   2572 |  10788 |  13 | 1228.8 |
       Dungeon |  14852 |  14489 |    363 |   1936 |  10478 |  11 | 1350.2 |
        Temple |     94 |     73 |     21 |      0 |     62 |   1 |   94.0 |
        Bailey |   1028 |   1028 |      0 |    636 |    248 |   1 | 1028.0 |
               +--------+--------+--------+--------+--------+-----+--------+

Top non-repeatable levels by time:
     D:8: 2467 daAuts
     D:7: 2253 daAuts
     D:5: 1609 daAuts
     D:9: 1446 daAuts
     D:3: 1425 daAuts
     D:4: 1316 daAuts
     D:2: 1201 daAuts
     D:1: 1157 daAuts
     D:6: 1120 daAuts
  Bailey: 1028 daAuts
    D:10: 829 daAuts
  Temple: 94 daAuts
    D:11: 24 daAuts
